 Dungeon Crawl Stone Soup version 0.26.1-10-gdfb7c7de75 (webtiles) character file.

Game seed: 17296032766434305215

3045 Revguard the Schismatic (level 9, -1/68 HPs)
             Began as a Demonspawn Abyssal Knight on Apr 12, 2021.
             Was an Elder of Lugonu.
             Slain by a wyvern (12 damage)
             ... on level 7 of the Dungeon.
             The game lasted 00:21:08 (9479 turns).

Revguard the Schismatic (Demonspawn Abyssal Knight) Turns: 9479, Time: 00:21:09

Health: -1/68      AC: 17    Str: 16    XL:     9   Next: 56%
Magic:  16/16      EV: 19    Int: 13    God:    Lugonu [****..]
Gold:   409        SH:  0    Dex: 13    Spells: 17/17 levels left

rFire    . . .     SeeInvis +   a - +2 hand axe
rCold    . . .     Faith    .   (no shield)
rNeg     . . .     Spirit   .   v - +1 acid dragon scales
rPois    .         Reflect  .   l - +0 helmet
rElec    .         Harm     .   u - +0 cloak
rCorr    +         Rampage  .   h - +0 pair of gloves (curse)
Will     .....                  g - +0 pair of boots
Stlth    ..........             (no amulet)
HPRegen  0.21/turn              f - ring of see invisible
MPRegen  0.15/turn              p - +4 ring of protection

@: confused, agile
A: hooves 2, demonic guardian 2, powered by pain 2
a: Renounce Religion, Depart the Abyss, Bend Space, Banish, Corrupt


You were on level 7 of the Dungeon.
You worshipped Lugonu.
Lugonu was greatly pleased with you.
You visited 1 branch of the dungeon, and saw 7 of its levels.
You visited the Abyss 1 time.
You also visited: Sewer.

You collected 409 gold pieces.

Inventory:

Hand Weapons
 a - a +2 hand axe (weapon)
Armour
 b - a +0 leather armour
 d - a +0 ring mail
 g - a +0 pair of boots (worn)
 h - a cursed +0 pair of gloves (worn)
 l - a +0 helmet (worn)
 u - a +0 cloak (worn)
 v - +1 acid dragon scales (worn)
 z - a +2 pair of gloves of strength
Jewellery
 f - a ring of see invisible (left hand)
 p - a +4 ring of protection (right hand)
 s - an uncursed amulet of reflection {unknown}
Wands
 A - a wand of polymorph (10)
Scrolls
 m - 6 scrolls of teleportation
 n - 2 scrolls of immolation
 t - a scroll of fear
 w - 2 scrolls of blinking
 y - a scroll of magic mapping
Potions
 c - a potion of ambrosia
 e - 3 potions of curing {unknown}
 i - 2 potions of might
 j - a potion of cancellation
 k - 4 potions of brilliance {unknown}
 o - a potion of haste
 q - 2 potions of attraction {unknown}
 r - 3 potions of magic
 x - a potion of flight {unknown}


   Skills:
 * Level 5.1 Fighting
 + Level 5.3 Axes
 * Level 5.3 Armour
 * Level 5.0 Dodging
 + Level 0.6 Stealth
 + Level 2.1 Shields
 * Level 4.9 Spellcasting
 + Level 2.7 Conjurations
 + Level 2.8 Hexes
 + Level 3.0 Necromancy
 + Level 2.6 Transmutations
 + Level 2.4 Fire Magic
 + Level 2.4 Ice Magic
 + Level 2.7 Poison Magic
 * Level 7.6 Invocations
 * Level 4.4 Evocations


You had 17 spell levels left.
You didn't know any spells.
Your spell library was empty.

Dungeon Overview and Level Annotations

Branches:
Dungeon (7/15)             Temple (0/1) D:4           Sewer (visited)

Altars:
Dithmenos
Elyvilon
Gozag
Makhleb
Sif Muna
Vehumet


Innate Abilities, Weirdness & Mutations

You have hoof-like feet.
A demonic guardian rushes to your aid.
You sometimes gain power by taking damage.


Message History

The wyvern is severely wounded.
The wyvern closely misses you. The wyvern bites you!
You closely miss the wyvern.
The wyvern is severely wounded.
The wyvern barely misses you.
You closely miss the wyvern.
The wyvern is severely wounded.
The wyvern closely misses you. The wyvern misses you.
You hit the wyvern but do no damage.
The wyvern is severely wounded.
The wyvern closely misses you. The wyvern bites you!
* * * LOW HITPOINT WARNING * * *
You barely miss the wyvern.
The wyvern is severely wounded.
The wyvern bites you!
* * * LOW HITPOINT WARNING * * *
You are confused.
You feel invigorated. The wyvern completely misses you. The wyvern bites you!
You die...

#.# ##....#.##.#.. ###.#
###....##.#.. # #...#
..###...#.... ###...#
#...###...#.. .##...# ###
#.#...###.... .##.#.#
#### :: #.#.#...###..
.##.#.# ....[#.
#.#.#.#.)(((. ......#
#|)}### #.#.#...###..
......## #l@#
#.#...###.... ..###.#..#
##.# ##...###...### ..#
#.#....##
#.###..###...#.# ..# #.#
#....###'#..###....##.###
#.# #.#
#....##..##.........)..
..# #.#
#.)).###..#......))..
..###.#
#....###...####..##.###
...##.# #....###....##
#..##.###
).....#....###......#
#..##....


You could see a wyvern.

Vanquished Creatures
  Maggie (D:6)
  A sky beast (D:5)
  An ogre (D:7)
  A centaur (D:5)
  4 big kobolds (Sewer)
  Blork the orc (D:6)
  Dowan (D:5)
  3 scorpions
  A howler monkey (D:4)
  A hound (D:6)
  A jelly (D:5)
  An orc priest (D:5)
  An iguana (D:6)
  Natasha (twice) (D:4)
  4 orc wizards
  4 worker ants
  A worker ant zombie (D:7)
  8 gnolls
  A river rat (D:6)
  11 adders
  A white imp (D:3)
  4 oozes (Sewer)
  2 adder skeletons
  12 worms
  2 dart slugs (D:2)
  3 leopard geckos
  18 orcs
  8 bats
  A bat skeleton (D:2)
  A bat zombie (D:2)
  7 giant cockroaches
  11 goblins
  5 hobgoblins
  2 jackals (D:5)
  14 kobolds
  A quokka (D:2)
  3 ball pythons
  A ball python skeleton (D:2)
  8 frilled lizards
  2 jackal skeletons
  A leopard gecko skeleton (D:5)
  A leopard gecko zombie (D:6)
  5 rats
162 creatures vanquished.

Vanquished Creatures (collateral kills)
  A hornet (D:7)
  A yak (D:7)
  Eustachio (D:6)
  Menkaure (D:5)
  A water moccasin (D:7)
  Duvessa (D:5)
  2 orc warriors (D:7)
  2 ogres (D:7)
  3 phantoms
  4 centaurs
  A scorpion (D:4)
  A hound (D:7)
  An orc priest (D:4)
  A jelly (D:7)
  A centaur skeleton (D:5)
  3 orc wizards
  Natasha (D:4)
  2 adders
  A white imp (D:7)
  An adder skeleton (D:7)
  3 orcs (D:5)
  A quokka (D:5)
34 creatures vanquished.

Vanquished Creatures (others)
  A withered plant (D:2)
1 creature vanquished.

Grand Total: 197 creatures vanquished

Notes
Turn   | Place    | Note
-------+----------+-------------------------------------------
     0 | Abyss:1  | Revguard the Demonspawn Abyssal Knight began the quest for
                  | the Orb.
     0 | Abyss:1  | Reached XP level 1. HP: 18/18 MP: 2/2
    71 | Abyss:1  | Found a shimmering altar of Xom.
    92 | Abyss:1  | Found a shimmering altar of Xom.
    92 | Abyss:1  | Found a shimmering altar of Xom.
   170 | Abyss:1  | Noticed an ancient zyme
   175 | Abyss:1  | Noticed a starcursed mass
   177 | D:1      | Escaped the Abyss
   303 | D:1      | Reached skill level 1 in Dodging
   606 | D:1      | Gained mutation: A weak demonic guardian rushes to your
                  | aid. [demonic ancestry]
   606 | D:1      | Reached XP level 2. HP: 24/24 MP: 3/3
  1052 | D:1      | Reached * piety under Lugonu
  1745 | D:2      | Gained mutation: You have large cloven feet. [demonic
                  | ancestry]
  1745 | D:2      | Reached XP level 3. HP: 12/29 MP: 5/5
  1749 | D:2      | Reached skill level 1 in Transmutations
  1749 | D:2      | Reached skill level 1 in Fire Magic
  1749 | D:2      | Reached skill level 1 in Ice Magic
  1749 | D:2      | Reached skill level 5 in Invocations
  1749 | D:2      | Reached XP level 4. HP: 9/37 MP: 5/8
  1754 | D:2      | Reached skill level 6 in Invocations
  1754 | D:2      | Gained mutation: You sometimes gain a little power by
                  | taking damage. [demonic ancestry]
  1754 | D:2      | Reached XP level 5. HP: 11/43 MP: 8/11
  2837 | D:3      | Reached ** piety under Lugonu
  3346 | D:3      | Gained mutation: A demonic guardian rushes to your aid.
                  | [demonic ancestry]
  3346 | D:3      | Reached XP level 6. HP: 45/49 MP: 12/12
  3589 | D:4      | Found a white marble altar of Elyvilon.
  3819 | D:4      | Noticed Natasha
  3829 | D:4      | Killed Natasha
  3836 | D:4      | Noticed Natasha
  3837 | D:4      | Gained mutation: You sometimes gain power by taking damage.
                  | [demonic ancestry]
  3837 | D:4      | Reached XP level 7. HP: 45/55 MP: 13/13
  3838 | D:4      | Killed Natasha
  3846 | D:4      | Noticed Natasha
  3854 | D:4      | Killed Natasha
  4364 | D:4      | Found a staircase to the Ecumenical Temple.
  4762 | D:5      | Entered Level 5 of the Dungeon
  4920 | D:5      | Reached *** piety under Lugonu
  4960 | D:5      | Reached skill level 7 in Invocations
  5348 | D:5      | Gained mutation: You have hoof-like feet. [demonic
                  | ancestry]
  5348 | D:5      | Reached XP level 8. HP: 50/61 MP: 14/14
  5472 | D:5      | Noticed Menkaure
  5479 | D:5      | Killed Menkaure
  5480 | D:5      | Reached skill level 5 in Armour
  6010 | D:5      | Noticed Duvessa
  6011 | D:5      | Noticed Dowan
  6023 | D:5      | Killed Duvessa
  6051 | D:5      | Killed Dowan
  6521 | D:6      | Found a glowing drain.
  6525 | Sewer    | Entered a sewer
  6579 | Sewer    | Reached **** piety under Lugonu
  7895 | D:6      | Noticed Eustachio
  7902 | D:6      | Killed Eustachio
  7903 | D:6      | Reached XP level 9. HP: 56/67 MP: 14/16
  8004 | D:6      | Noticed Maggie
  8010 | D:6      | Killed Maggie
  8356 | D:6      | Noticed Blork the orc
  8372 | D:6      | Killed Blork the orc
  8648 | D:7      | Reached skill level 5 in Fighting
  8838 | D:7      | Reached skill level 5 in Axes
  9038 | D:7      | Found a radiant altar of Vehumet.
  9040 | D:7      | Found a shimmering blue altar of Sif Muna.
  9041 | D:7      | Found an opulent altar of Gozag.
  9207 | D:7      | Found a shadowy altar of Dithmenos.
  9210 | D:7      | Found a burning altar of Makhleb.
  9455 | D:7      | Reached skill level 5 in Dodging
  9479 | D:7      | Slain by a wyvern

Illustrated notes

Levels and vault maps discovered:
D:1:      shiori_angband_town, layout_basic
D:2:      layout_rooms, serial_undead, serial_undead_c, serial_undead_f,
          serial_undead_f, serial_undead_a
D:3:      minmay_recursive_quarters, layout_rooms
D:4:      layout_loops_ring, minmay_temple_entry_slanted,
          kennysheep_minor_cross, elyvilon_altar_5, uniq_natasha
D:5:      layout_basic, uniq_menkaure, uniq_duvessa
D:6:      layout_loops_ring, gup_sewer_entry_spiral, uniq_blork_the_orc,
          uniq_eustachio, uniq_maggie
D:7:      minmay_the_grid_triangle_9x9_recursive_2
          [minmay_the_grid_triangle_9x9_prize_center,
          minmay_the_grid_triangle_9x9_flanged_cone,
          minmay_the_grid_triangle_9x9_negative_grid,
          minmay_the_grid_triangle_9x9_steps], layout_loops_ring,
          minmay_overflow_temple_star_hex

Skill      XL: |  1  2  3  4  5  6  7  8  9 |
---------------+----------------------------+-----
Dodging        | 1 3 4 5 |  5.0
Armour         | 2 3 4 5 |  5.3
Axes           | 2 3 4 5 |  5.3
Fighting       | 4 5 |  5.1
Shields        | 2 |  2.1
Spellcasting   | 2 4 |  4.9
Conjurations   | 2 |  2.7
Hexes          | 2 |  2.8
Necromancy     | 2 3 |  3.0
Transmutations | 1 2 |  2.6
Fire Magic     | 1 2 |  2.4
Ice Magic      | 1 2 |  2.4
Poison Magic   | 2 |  2.7
Invocations    | 5 6 7 |  7.6
Evocations     | 2 3 4 |  4.4
Stealth        | |  0.6

Action                   |  1- 3 |  4- 6 |  7- 9 || total
-------------------------+-------+-------+-------++-------
Melee: Hand axe          |    74 |   171 |   617 ||   862
Invok: Depart the Abyss  |     1 |       |       ||     1
  Use: Scroll            |     4 |     4 |     7 ||    15
       Potion            |     4 |     5 |     2 ||    11
 Stab: Distracted        |       |       |     2 ||     2
Armor: Ring mail         |    50 |    74 |   253 ||   377
       Leather armour    |     3 |       |       ||     3
       Skin              |       |     4 |     2 ||     6
       Acid dragon scale |       |       |    44 ||    44
Dodge: Dodged            |    73 |    95 |   419 ||   587
